 Dungeon Crawl Stone Soup version 0.19-a0-145-ga5b644a (webtiles) character file.

71134 DarthKuruptios the Cleaver (level 14, -24/118 HPs)
             Began as a Minotaur Berserker on May 17, 2016.
             Was the Champion of Trog.
             Killed from afar by a lindwurm (40 damage)
             ... with a blast of flame
             ... summoned by Kirke
             ... on level 12 of the Dungeon.
             The game lasted 01:35:54 (21696 turns).

DarthKuruptios the Cleaver (Minotaur Berserker)    Turns: 21696, Time: 01:35:55

Health: -24/118    AC:  0    Str: 25    XL:     14   Next: 96%
Magic:  5/13       EV: 23    Int:  4    God:    Trog [******]
Gold:   738        SH:  0    Dex: 15    Spells: 0 memorised, 13 levels left

rFire  . . .     SeeInvis .     (weapon currently unavailable)
rCold  . . .     Gourm    .     (armour currently unavailable)
rNeg   . . .     Faith    .     (shield currently unavailable)
rPois  .         Spirit   .     (helmet currently unavailable)
rElec  .         Dismiss  .     (cloak currently unavailable)
rCorr  .         Reflect  .     (gloves currently unavailable)
SustAt .         Harm     .     (boots currently unavailable)
MR     ++...     Rnd*Tele +     l - amulet of regeneration
Stlth  +.........               (ring currently unavailable)
                                (ring currently unavailable)

@: pig-form, very quick, very resistant to hostile enchantments, very unstealthy
A: (retaliatory headbutt), (horns 0), (iridescent scales 0), (large bone plates
0), rough black scales 1, blurry vision 1, deterioration 1, frail 1, magic
resistance 1, mutation resistance 1, (poison resistance), strong 2, teleportitis
1
a: Berserk, Trog's Hand, Brothers in Arms, Burn Spellbooks, Renounce Religion


You were on level 12 of the Dungeon.
You worshipped Trog.
Trog was exalted by your worship.
You were not hungry.
You were a filthy swine.
You visited 3 branches of the dungeon, and saw 22 of its levels.
You also visited: Labyrinth.

You collected 2072 gold pieces.
You spent 1334 gold pieces at shops.

Inventory:

Hand Weapons
 q - a +1 antimagic war axe (melded)
 M - a +2 war axe of freezing
Missiles
 A - 16 exploding tomahawks (quivered)
Armour
 e - a +0 cloak (melded)
 G - a +0 swamp dragon armour (melded)
 S - a +0 large shield (melded)
 T - a +2 pair of boots of running (melded)
 V - a +2 pair of gloves of archery (melded)
Rods
 C - a +7 rod of ignition (13/13)
   (You found it in a labyrinth)
Jewellery
 l - an amulet of regeneration (around neck)
 s - the ring of the Garden (melded) {rF+ EV+2 Slay+2}
   (You bought it in a shop on level 8 of the Dungeon)

   [ring of evasion]

   It affects your evasion (+2).
   It affects your accuracy and damage with ranged weapons and melee attacks
   (+2).
   It protects you from fire.
 t - an uncursed ring of resist corrosion
 F - the ring "Wicifrad" (melded) {rC+ Dex+2}
   (You found it in a labyrinth)

   [ring of protection from cold]

   It affects your dexterity (+2).
   It protects you from cold.
 R - a +5 ring of evasion
Wands
 u - a wand of flame (33/48)
 D - a wand of slowing (25/48)
 E - a wand of iceblast (9/15)
 W - a wand of teleportation (6/9)
Scrolls
 f - 4 scrolls of identify
 g - 4 scrolls of fear
 j - 8 scrolls of teleportation
 k - 6 scrolls of blinking
 r - 4 scrolls of enchant armour
 v - a scroll of holy word {unknown}
 y - 2 scrolls of summoning {unknown}
 z - 9 scrolls of remove curse
 L - 4 scrolls of recharging
Potions
 a - 3 potions of resistance
 d - 3 potions of heal wounds
 i - 3 potions of berserk rage
 m - a potion of flight
 p - 2 potions of cancellation
 x - 15 potions of curing
 K - 2 potions of haste
 N - 2 potions of brilliance
 Q - a potion of agility
 Y - a potion of magic {unknown}
 Z - 2 potions of invisibility {unknown}
Miscellaneous
 o - a disc of storms
 P - a sack of spiders
Comestibles
 b - 6 fruits
 c - 9 bread rations
 h - 5 chunks of flesh
 n - 5 meat rations
 w - 12 slices of pizza
 H - 9 beef jerkies
 X - 2 royal jellies


   Skills:
 + Level 14.2 Fighting
 + Level 14.7 Axes
 + Level 10.4 Throwing
 + Level 11.8 Armour
 * Level 12.2 Dodging
 + Level 12.2 Shields


You had 13 spell levels left.
You didn't know any spells.

Dungeon Overview and Level Annotations

Branches:
Dungeon (12/15)            Temple (0/1) D:7            Lair (8/8) D:8
  Swamp (0/4) Lair:6        Snake (0/4) Lair:4        Slime (0/6) Lair:7
    Orc (2/2) D:11            Elf (0/3) Orc:2

Altars:
Ashenzari
Cheibriados
Dithmenos
Gozag
Kikubaaqudgha
Okawaru
Pakellas
Sif Muna
Xom
Yredelemnul

Shops:
D:5 [   D:8 :=!:   D:10 :   Orc:2 [[[*

Annotations:
D:12 Kirke


Innate Abilities, Weirdness & Mutations

((You reflexively headbutt those who attack you in melee.))
((You have a pair of horns on your head.))
((You are partially covered in iridescent scales (AC +4).))
((You are partially covered in large bone plates (AC +2, SH +2).))
(You are partially covered in rough black scales (AC +4, Dex -1).)
Scrolls take you a little longer to read.
Your body sometimes deteriorates upon taking damage.
You are frail (-10% HP).
You are resistant to hostile enchantments.
You are somewhat resistant to further mutation.
((Your system is resistant to poisons.))
Your muscles are very strong. (Str +4)
You are occasionally teleported next to monsters.


Message History

You closely miss something. Something hits you.
You completely miss something. You miss something. Something hits you.
You miss something. The lindwurm breathes flames at you.
The blast of flame hits you! Something hits you!
You barely miss something. Something hits you!
You miss something.
You hear some strange, mumbled words.
Something tries to affect you, but you resist.
You barely miss something. The lindwurm breathes flames at you.
The blast of flame hits something.
The blast of flame hits you!
* * * LOW HITPOINT WARNING * * *
You hear some strange, mumbled words.
Something summons a manticore!
You hit something. The lindwurm breathes flames at you.
The blast of flame hits you!
You die...

#....'......#.....'.......#.....
#....#......#(....#.......#.....
##....######.#.....#####..##.....
...........#####'##....# #####..
...........# #...#....# #..
...........# #...#....# #..
.........(.# #...#....# #..
........†††# #...#....# #..
...(.......####.h##....# #..
.............####.h...## ##.
.............# hk...# #.
..<.(........# ..H..# #.
............<# .....# #.
............)# .....# #.
############## ###### ##


You could see a manticore, a lindwurm and 2 hogs.

Vanquished Creatures
  The ghost of AlphabetPasta the Cleaver, a journeyman DDFi of Makhleb (Orc:2)
  Snorg (Lair:3)
  A minotaur (Lab)
  Josephine (Orc:2)
  A yaktaur captain (D:12)
  5 hydras
  2 catoblepae
  5 death yaks (Lair:8)
  An orc high priest (Orc:2)
  A wizard (D:10)
  An unseen horror (D:12)
  3 hill giants
  The ghost of AlphabetPasta the Covert, a novice GrAs of Dithmenos (D:8)
  7 orc sorcerers
  2 ugly things
  2 oklob plants
  10 elephants
  A guardian serpent (D:11)
  Psyche (D:9)
  2 torpor snails (Lair:7)
  17 spiny frogs
  9 black mambas
  A gargoyle (D:12)
  2 rime drakes (Lair:6)
  7 komodo dragons
  5 polar bears
  2 trolls
  Grinder (D:4)
  5 blink frogs (Lair:5)
  A two-headed ogre (D:8)
  The ghost of wearedevo the Sneak, an amateur OpWn (D:4)
  12 spriggans (Lair:8)
  7 redbacks
  3 shadows
  A vampire (D:10)
  5 wraiths (Orc:2)
  Sigmund (D:4)
  4 hogs
  10 wyverns
  45 yaks
  4 basilisks
  A human (D:11)
  A hungry ghost (D:12)
  Eustachio (D:4)
  4 hippogriffs
  3 vampire mosquitoes (Lair:6)
  A steam dragon (Lair:2)
  Menkaure (D:6)
  2 nagas (Lair:4)
  A warg (Orc:1)
  Edmund (D:4)
  15 water moccasins
  20 porcupines
  14 orc warriors
  2 phantoms
  5 sky beasts
  A necrophage (D:9)
  An ice beast (D:5)
  4 black bears (Lair:8)
  30 wolves
  10 ogres
  4 wasps
  6 centaurs
  11 crocodiles
  A big kobold (D:10)
  18 giant frogs
  A wyvern zombie (D:12)
  A scorpion (D:8)
  17 killer bees
  A spriggan skeleton (Lab)
  4 wights (D:11)
  2 electric eels (Lair:6)
  A lava snake (D:12)
  A wasp zombie (D:12)
  6 crimson imps
  A centaur zombie (D:5)
  8 hounds
  2 jellies (D:7)
  3 centaur skeletons
  4 giant frog zombies
  26 orc wizards
  2 quasits
  18 orc priests
  Terence (D:3)
  5 iguanas
  6 worker ants
  2 hell rats (Lair:6)
  19 sheep
  3 hound zombies
  A howler monkey zombie (D:5)
  4 gnolls (D:6)
  57 river rats
  14 adders
  A howler monkey skeleton (D:4)
  2 shadow imps
  An adder zombie (D:9)
  An adder skeleton (D:7)
  A worm (D:2)
  2 dart slugs (D:4)
  5 giant geckos
  46 orcs
  4 giant cockroaches
  7 goblins
  6 hobgoblins
  8 jackals
  7 quokkas
  4 ball pythons
  A ball python zombie (D:5)
  7 bats
  6 giant newts
  13 kobolds
  A quokka skeleton (D:4)
  A quokka zombie (D:8)
  5 rats
  2 rat zombies (D:4)
  6 fungi
697 creatures vanquished.

Vanquished Creatures (collateral kills)
  A death yak (Lair:8)
  A spiny frog (Lair:8)
  A spriggan druid (Lair:8)
  2 polar bears (Lair:8)
  A spriggan (Lair:8)
  A yak (Lair:8)
  A black bear (Lair:8)
8 creatures vanquished.

Vanquished Creatures (others)
  2 fungi (Lair:8)
  A plant (Lair:7)
3 creatures vanquished.

Grand Total: 708 creatures vanquished

Notes
Turn   | Place    | Note
--------------------------------------------------------------
     0 | D:1      | DarthKuruptios the Minotaur Berserker began the quest for the Orb.
     0 | D:1      | Reached XP level 1. HP: 19/19 MP: 0/0
   581 | D:1      | Reached XP level 2. HP: 20/27 MP: 1/1
   994 | D:2      | Found a faded altar to an unknown god.
  1010 | D:2      | Reached ** piety under Trog
  1013 | D:2      | Reached skill level 5 in Fighting
  1013 | D:2      | Reached XP level 3. HP: 18/36 MP: 2/2
  1531 | D:3      | Noticed Terence
  1539 | D:3      | Killed Terence
  1539 | D:3      | Reached XP level 4. HP: 38/44 MP: 3/3
  1795 | D:3      | Noticed a sky beast
  1815 | D:3      | Killed a sky beast
  1815 | D:3      | Reached XP level 5. HP: 22/52 MP: 4/4
  1820 | D:3      | Gained mutation: Your system is resistant to poisons. [mutagenic meat]
  1821 | D:3      | Gained mutation: Your magical capacity is low (-10% MP). [mutagenic meat]
  2194 | D:4      | Reached XP level 6. HP: 61/61 MP: 4/4
  2335 | D:4      | Noticed Eustachio
  2344 | D:4      | Found an iron altar of Okawaru.
  2351 | D:4      | Killed Eustachio
  2471 | D:4      | Found an oddly glowing altar of Pakellas.
  2471 | D:4      | Noticed Sigmund
  2474 | D:4      | Found a shattered altar of Ashenzari.
  2597 | D:4      | Noticed Grinder
  2602 | D:4      | Killed Grinder
  2602 | D:4      | Reached XP level 7. HP: 69/69 MP: 5/5
  2610 | D:4      | Found an ancient bone altar of Kikubaaqudgha.
  3084 | D:4      | Reached *** piety under Trog
  3084 | D:4      | Reached skill level 5 in Axes
  3144 | D:4      | Noticed Edmund
  3166 | D:4      | Killed Edmund
  3182 | D:4      | Noticed wearedevo's ghost (amateur OpWn)
  3194 | D:4      | Killed wearedevo's ghost
  3194 | D:4      | Reached XP level 8. HP: 78/78 MP: 6/6
  3366 | D:5      | Entered Level 5 of the Dungeon
  3393 | D:4      | Killed Sigmund
  3453 | D:5      | Found Wimn's Antique Armour Boutique.
  3580 | D:5      | Reached skill level 5 in Shields
  3642 | D:5      | Found a basalt altar of Yredelemnul.
  3889 | D:5      | Gained mutation: You are occasionally teleported next to monsters. [mutagenic meat]
  3890 | D:5      | Gained mutation: You are weak. (Str -2) [mutagenic meat]
  3891 | D:5      | Gained mutation: You are partially covered in iridescent scales (AC +4). [mutagenic meat]
  3893 | D:5      | Gained mutation: You are resistant to hostile enchantments. [mutagenic meat]
  3971 | D:5      | Gained mutation: Your flesh is heat resistant. [potion of beneficial mutation]
  3974 | D:5      | Lost mutation: Your magical capacity is low (-10% MP). [potion of cure mutation]
  3974 | D:5      | Lost mutation: You are resistant to hostile enchantments. [potion of cure mutation]
  3974 | D:5      | Lost mutation: You are weak. (Str -2) [potion of cure mutation]
  4395 | D:5      | Found a deep blue altar of Sif Muna.
  4537 | D:5      | Reached skill level 1 in Throwing
  4669 | D:6      | Noticed Menkaure
  4673 | D:6      | Killed Menkaure
  5100 | D:6      | Reached skill level 5 in Armour
  5198 | D:5      | Bought an ichor-stained leather armour for 161 gold pieces
  5208 | D:5      | Identified the +3 leather armour of Baldness {Slay+3} (You bought it in a shop on level 5 of the Dungeon)
  5257 | D:6      | Found a snail-covered altar of Cheibriados.
  5324 | D:6      | Reached XP level 9. HP: 73/85 MP: 8/8
  5816 | D:7      | Found a staircase to the Ecumenical Temple.
  6101 | D:7      | Gained mutation: You are partially covered in large bone plates (AC +2, SH +2). [mutagenic meat]
  6103 | D:7      | Gained mutation: Potions and wands are less effective at restoring your health. [mutagenic meat]
  6104 | D:7      | Lost mutation: Potions and wands are less effective at restoring your health. [mutagenic meat]
  6105 | D:7      | Gained mutation: Your body sometimes deteriorates upon taking damage. [mutagenic meat]
  6328 | D:7      | Reached skill level 10 in Fighting
  6332 | D:7      | Gained mutation: You are resistant to hostile enchantments. [mutagenic meat]
  6334 | D:7      | Gained mutation: Your muscles are strong. (Str +2) [mutagenic meat]
  6335 | D:7      | Gained mutation: Your muscles are very strong. (Str +4) [mutagenic meat]
  6435 | D:8      | Reached skill level 5 in Dodging
  6472 | D:8      | Noticed AlphabetPasta's ghost (novice GrAs)
  6482 | D:8      | Killed AlphabetPasta's ghost
  6517 | D:8      | Found a staircase to the Lair.
  6580 | D:8      | Found a shadowy altar of Dithmenos.
  6584 | D:8      | Reached **** piety under Trog
  6588 | D:8      | Reached XP level 10. HP: 83/93 MP: 9/9
  6646 | D:8      | Reached skill level 5 in Throwing
  6783 | D:8      | Found Behim's Book Shop.
  6794 | D:8      | Found a shimmering altar of Xom.
  6936 | D:8      | Found Xerilal's Book Emporium.
  6953 | D:8      | Found an opulent altar of Gozag.
  7057 | D:8      | Found Kuplug's Distillery.
  7060 | D:8      | Bought a potion of curing for 42 gold pieces
  7060 | D:8      | Bought 2 potions of curing for 84 gold pieces
  7162 | D:8      | Found Gaofreis's Jewellery Emporium.
  7247 | D:9      | Noticed Psyche
  7250 | D:9      | Killed Psyche
  7866 | D:10     | Entered Level 10 of the Dungeon
  7878 | D:10     | Noticed a hill giant
  7884 | D:10     | Killed a hill giant
  8009 | D:10     | Reached ***** piety under Trog
  8097 | D:10     | Gained mutation: You are frail (-10% HP). [potion of mutation]
  8097 | D:10     | Lost mutation: Your flesh is heat resistant. [potion of mutation]
  8098 | D:10     | Found Bailil's Book Emporium.
  8173 | D:10     | Received a gift from Trog
  8247 | D:10     | Reached skill level 10 in Axes
  8928 | D:11     | Noticed a hill giant
  8934 | D:11     | Killed a hill giant
  8934 | D:11     | Reached XP level 11. HP: 91/91 MP: 10/10
  9093 | D:11     | Found a staircase to the Orcish Mines.
  9230 | D:11     | Gained mutation: Scrolls take you a little longer to read. [mutagenic meat]
  9232 | D:11     | Gained mutation: You are somewhat resistant to further mutation. [mutagenic meat]
  9416 | D:11     | Noticed a white ugly thing
  9422 | D:11     | Killed a white ugly thing
  9817 | Orc:1    | Entered Level 1 of the Orcish Mines
  9817 | Orc:1    | Noticed an orc sorcerer
  9822 | Orc:1    | Noticed an orc sorcerer
  9824 | Orc:1    | Killed an orc sorcerer
  9825 | Orc:1    | Received a gift from Trog
  9831 | Orc:1    | Killed an orc sorcerer
  9905 | Orc:1    | Noticed an orc sorcerer
  9914 | Orc:1    | Killed an orc sorcerer
 10106 | Orc:2    | Entered Level 2 of the Orcish Mines
 10197 | Orc:2    | Noticed Josephine
 10204 | Orc:2    | Noticed AlphabetPasta's ghost (journeyman DDFi)
 10207 | Orc:2    | Killed Josephine
 10243 | Orc:2    | Killed AlphabetPasta's ghost
 10380 | Orc:2    | Received a gift from Trog
 10384 | Orc:2    | Noticed an orc sorcerer
 10386 | Orc:2    | Noticed an orc sorcerer
 10388 | Orc:2    | Noticed an orc sorcerer
 10653 | D:8      | Bought an uncursed ring of resist corrosion for 280 gold pieces
 10687 | Lair:1   | Entered Level 1 of the Lair of Beasts
 10753 | Lair:1   | Received a gift from Trog
 10810 | Lair:1   | Reached XP level 12. HP: 80/100 MP: 11/11
 11110 | Lair:1   | Noticed a seven-headed hydra
 11119 | Lair:1   | Killed an 11-headed hydra
 11119 | Lair:1   | Received a gift from Trog
 11816 | Orc:2    | Noticed an orc high priest
 11826 | Orc:2    | Killed an orc high priest
 12148 | Orc:2    | Found Qiegregeps's Antique Armour Shop.
 12149 | Orc:2    | Found Bad Foqi's Antique Armour Boutique.
 12152 | Orc:2    | Found Urocoupt's Antique Armour Boutique.
 12157 | Orc:2    | Found Dolalos's General Store.
 12162 | Orc:2    | Bought a meat ration for 85 gold pieces
 12162 | Orc:2    | Bought a slice of pizza for 25 gold pieces
 12162 | Orc:2    | Bought a potion of curing for 51 gold pieces
 12195 | Orc:2    | Bought a pair of embroidered gloves for 153 gold pieces
 12263 | Orc:2    | Found a staircase to the Elven Halls.
 12739 | D:8      | Bought the ring of the Garden {rF+ EV+2 Slay+2} for 453 gold pieces
 12834 | Lair:2   | Reached skill level 10 in Shields
 12939 | Lair:2   | Identified a scroll of acquirement
 12950 | Lair:2   | Identified a +2 pair of boots of running (You acquired it on level 2 of the Lair of Beasts)
 13059 | Lair:2   | Noticed an eight-headed hydra
 13066 | Lair:2   | Killed a 12-headed hydra
 13248 | Lair:2   | Received a gift from Trog
 13710 | Lair:3   | Noticed Snorg
 13719 | Lair:3   | Killed Snorg
 13965 | Lair:3   | Found a labyrinth entrance.
 13977 | Lab      | Entered a labyrinth
 14284 | Lab      | Reached XP level 13. HP: 107/107 MP: 12/12
 14619 | Lab      | Noticed a minotaur
 14624 | Lab      | Killed a minotaur
 14626 | Lab      | Got a glittering iron ring
 15018 | Lair:3   | Identified a +7 rod of ignition (13/13) (You found it in a labyrinth)
 15291 | Lair:4   | Reached skill level 10 in Armour
 15478 | Lair:4   | Found a staircase to the Snake Pit.
 15647 | Lair:4   | Received a gift from Trog
 15653 | Lair:4   | Gained mutation: You are partially covered in rough black scales (AC +4, Dex -1). [potion of beneficial mutation]
 15656 | Lair:4   | Identified the ring "Wicifrad" {rC+ Dex+2} (You found it in a labyrinth)
 16936 | Lair:5   | Reached skill level 10 in Dodging
 17559 | Lair:6   | Found a staircase to the Swamp.
 17636 | Lair:6   | Received a gift from Trog
 18425 | Lair:7   | Reached XP level 14. HP: 116/116 MP: 4/13
 18435 | Lair:7   | Received a gift from Trog
 18679 | Lair:7   | Received a gift from Trog
 18952 | Lair:7   | Found a staircase to the Slime Pits.
 19265 | Lair:7   | Received a gift from Trog
 19392 | Lair:8   | Entered Level 8 of the Lair of Beasts
 19464 | Lair:8   | Reached ****** piety under Trog
 19811 | Lair:8   | Reached skill level 10 in Throwing
 19858 | Lair:8   | Received a gift from Trog
 19926 | Lair:8   | Received a gift from Trog
 20353 | Lair:8   | Received a gift from Trog
 20915 | D:10     | Paralysed by a wizard for 2 turns
 21610 | D:12     | Received a gift from Trog
 21673 | D:12     | Noticed Kirke
 21696 | D:12     | Killed from afar by a lindwurm

Vault maps used:
D:1:      dpeg_arrival_rooms_b, kennysheep_another_room, interstate_on_off,
          grunt_decor_arrowhead
D:2:      ecumenical_altar_1
D:3:      uniq_terence
D:4:      okawaru_trees_2, lemuel_zombie_altar_kikubaaqudgha,
          nicolae_overflow_hidden_temple, first_bread, uniq_sigmund,
          uniq_edmund, uniq_eustachio, uniq_grinder
D:5:      overflow_temple_1_default, yredelemnul_altar_generic, serial_shops,
          nicolae_shop_stone, kennysheep_generic_room_3
D:6:      marbit_many_paths, uniq_menkaure
D:7:      minmay_temple_entry_junction
D:8:      grunt_gozag_breadcrumbs, basic_altar, serial_shops,
          kennysheep_mini_moat, shop_statue, shop, shop,
          nicolae_dithmenos_shadow_blocks
D:9:      uniq_psyche
D:10:     serial_shops, shop
D:11:     david_orc_3, grunt_livestock, nrook_guardian_serpent_double
D:12:     kennysheep_scales, uniq_kirke
Lair:1:   beast_lair_carwin_7, grunt_megastairs_3, serial_bayou_shore_b,
          serial_bayou_shore_b
Lair:2:   patterned_corridor
Lair:3:   lab_entry_generic, minivault_19, grunt_megastairs_4, uniq_snorg
Lair:4:   guppyfry_snake_entry_garden
Lair:6:   kennysheep_rathole, minmay_swamp_entry_swarm,
          grunt_forest_small_clearings, minivault_19, beast_lair_carwin_10,
          serial_bayou_shore_b
Lair:7:   minmay_slime_entry_oklob_enclosed, minivault_23, grunt_megastairs_2
Lair:8:   minmay_lair_end_enchanted_forest
Orc:2:    st_orc_mages, uniq_josephine
Lab:      labyrinth_hidden_loot, nicolae_lab_blocks, nicolae_lab_lava,
          nicolae_lab_quarters, lab_statue, nicolae_lab_hexagon,
          nicolae_lab_plus, labyrinth_lava_lair, lab_fountain,
          nicolae_lab_grate, nicolae_lab_grate_2, labyrinth_skeletal_remains

Skill      XL: |  1  2  3  4  5  6  7  8  9 10 11 12 13 14 |
---------------+-------------------------------------------+-----
Fighting       | 5 7 8 9 10 11 12 13 14 | 14.2
Axes           | 4 5 6 8 10 11 13 14 | 14.7
Shields        | 2 4 5 6 7 9 10 11 12 | 12.2
Armour         | 3 5 6 7 8 9 10 11 | 11.8
Dodging        | 3 4 5 6 7 8 10 12 | 12.2
Throwing       | 2 4 6 7 8 9 10 | 10.4

Action                   |  1- 3 |  4- 6 |  7- 9 | 10-12 | 13-15 || total
-------------------------+-------+-------+-------+-------+-------++-------
Melee: Hand axe          |    69 |    61 |       |       |       ||   130
       Headbutt          |    12 |    15 |    65 |   135 |   241 ||   468
       War axe           |       |    42 |   278 |   516 |   921 ||  1757
       Unarmed           |       |       |       |       |     8 ||     8
Invok: Berserk           |     1 |     2 |     3 |     9 |     2 ||    17
       Trog's Hand       |       |     1 |     1 |     1 |     1 ||     4
       Burn Spellbooks   |       |       |       |     1 |     3 ||     4
       Brothers in Arms  |       |       |       |     1 |     2 ||     3
  Use: Scroll            |     4 |     3 |     9 |     7 |     4 ||    27
       Potion            |       |       |    11 |     2 |     3 ||    16
  Eat: Chunk             |     3 |     7 |    32 |    34 |    25 ||   101
       Fruit             |       |       |     2 |     6 |     2 ||    10
Armor: Animal skin       |     6 |       |       |       |       ||     6
       Ring mail         |    21 |    24 |       |       |       ||    45
       Chain mail        |       |    35 |    64 |       |       ||    99
       Leather armour    |       |       |    39 |    66 |       ||   105
       Swamp dragon armo |       |       |       |    40 |   273 ||   313
Dodge: Dodged            |    50 |    53 |    80 |   181 |   469 ||   833
Block: Shield            |       |    24 |   158 |   283 |   283 ||   748
       Large shield      |       |       |       |       |   577 ||   577
